 Dungeon Crawl Stone Soup version 0.23.0-3-gf3c87f2 (webtiles) character file.

Game seed: 3817390154765830865

470 synesthesia the Skirmisher (level 6, -1/56 HPs)
             Began as a Draconian Berserker on Feb 24, 2019.
             Was a Believer of Trog.
             Slain by Crazy Yiuf
             ... wielding a +4 quarterstaff of chaos
              (3 damage)
             ... on level 5 of the Dungeon.
             The game lasted 00:18:19 (3904 turns).

synesthesia the Skirmisher (Draconian Berserker)    Turns: 3904, Time: 00:18:21

Health: -1/56      AC:  9    Str: 19 (21) XL:     6   Next: 82%
Magic:  4/6        EV: 13    Int:  5 (8)  God:    Trog [**....]
Gold:   262        SH:  0    Dex:  7 (10) Spells: 5/5 levels left

rFire    + . .     SeeInvis .   r - +0 spear (vamp)
rCold    . . .     Gourm    .   (no shield)
rNeg     . . .     Faith    .   (armour unavailable)
rPois    .         Spirit   .   (helmet restricted)
rElec    .         Reflect  .   (no cloak)
rCorr    .         Harm     .   (no gloves)
MR       .....                  D - +2 pair of boots
Stlth    +.........             (no amulet)
HPRegen  0.18/turn              A - ring of protection from fire
MPRegen  0.10/turn              (no ring)

@: lethally poisoned (-1 -> -10)
A: unfitting armour, cold-blooded, AC +6
a: Berserk, Trog's Hand, Renounce Religion


You were on level 5 of the Dungeon.
You worshipped Trog.
Trog was pleased with you.
You were not hungry.

You visited 1 branch of the dungeon, and saw 5 of its levels.

You collected 262 gold pieces.

Inventory:

Hand Weapons
 a - a +0 spear
 o - a +0 antimagic quarterstaff
 r - a +0 vampiric spear (weapon)
 E - the +12 mace "Fet Deumao" {crush, rF+++ MR- Int+5, unknown}
   (You found it on level 5 of the Dungeon)

   It inflicts extra damage upon your enemies.
   It affects your intelligence (+5).
   It renders you almost immune to fire.
   It affects your resistance to hostile enchantments.
Missiles
 c - 11 bolts
 f - 188 stones
 n - 6 javelins (quivered)
 C - 7 tomahawks
Armour
 D - a +2 pair of boots (worn)
Magical Staves
 B - an uncursed staff of conjuration {unknown}
Jewellery
 A - a ring of protection from fire (left hand)
Scrolls
 d - a scroll of amnesia {unknown}
 e - 3 scrolls of remove curse {unknown}
 g - 2 scrolls of magic mapping {unknown}
 j - 2 scrolls of immolation {unknown}
 k - 2 scrolls of teleportation {unknown}
 s - 3 scrolls of enchant armour {unknown}
 u - 4 scrolls of identify {unknown}
 x - 2 scrolls of random uselessness {unknown}
 y - a scroll of enchant weapon {unknown}
Potions
 h - a potion of flight {unknown}
 i - a potion of brilliance {unknown}
 l - a potion of lignification {unknown}
 m - a potion of degeneration
 p - 2 potions of might {unknown}
 q - 2 potions of mutation {unknown}
 t - a potion of berserk rage {unknown}
 v - 3 potions of curing {unknown}
 w - a potion of agility {unknown}
 z - a potion of heal wounds {unknown}
Comestibles
 b - a ration


   Skills:
 + Level 5.2 Fighting
 + Level 4.9(5.0) Polearms
 - Level 1.0(3.2) Staves
 + Level 0.5 Throwing
 + Level 4.4 Dodging
 + Level 1.3 Stealth


You had 5 spell levels left.
You didn't know any spells.
Your spell library was empty.

Dungeon Overview and Level Annotations

Branches:
Dungeon (5/15)             Temple (0/1) D:5

Altars:
Fedhas
Hepliaklqana
Ru
Trog
Uskayaw

Annotations:
D:5 Crazy Yiuf


Innate Abilities, Weirdness & Mutations

Your plain brown scales are hard. (AC +6)
You cannot fit into any form of body armour.
You are cold-blooded and may be slowed by cold attacks.


Message History

You closely miss Crazy Yiuf.
Crazy Yiuf is severely wounded.
You feel sick. Crazy Yiuf closely misses you.
You hit Crazy Yiuf but do no damage.
You tail-slap Crazy Yiuf, but do no damage.
Crazy Yiuf is severely wounded.
Crazy Yiuf hits you with a +4 quarterstaff of chaos!
* * * LOW HITPOINT WARNING * * *
You are lethally poisoned!
You hit Crazy Yiuf but do no damage.
Crazy Yiuf is severely wounded.
* * * LOW HITPOINT WARNING * * *
You feel sick.
It was a potion of degeneration.
There was something very wrong with that liquid.
You feel weakened.
You feel dopey.
You feel clumsy.
* * * LOW HITPOINT WARNING * * *
You feel sick.
Crazy Yiuf hits you with a +4 quarterstaff of chaos.
You die...

####### ####.#.#..
#......... #..<.##..# ####♣♣
### #........# ##..#.♣♣
♣♣#).)# #.........
#....PP♣♣♣♣@g...# #..#......
#....PP.♣..♣#...# #.........
#.#.#))♣)♣♣♣ ### #.#......#
#.###♣♣♣♣♣ ###......# #.#
##..#...# #.#
########...#...# #.#
#######..^...##.##...# #.#
#.##..#..........##..#
#.#####......#..........#...


You could see Crazy Yiuf.

Vanquished Creatures
  Blork the orc (D:5)
  A scorpion (D:4)
  A howler monkey (D:5)
  A hound (D:5)
  A bullfrog zombie (D:5)
  A jelly (D:5)
  An iguana (D:5)
  A worker ant (D:4)
  A hound skeleton (D:4)
  4 gnolls (D:3)
  2 adders (D:5)
  A shadow imp (D:5)
  An adder skeleton (D:4)
  4 worms
  3 dart slugs
  6 leopard geckos
  5 orcs
  6 bats
  4 giant cockroaches (D:1)
  7 goblins
  5 hobgoblins
  5 jackals (D:2)
  4 quokkas
  3 frilled lizards (D:2)
  8 kobolds
  A leopard gecko skeleton (D:3)
  2 rats
80 creatures vanquished.

Notes
Turn   | Place    | Note
-------+----------+-------------------------------------------
     0 | D:1      | synesthesia the Draconian Berserker began the quest for the
                  | Orb.
     0 | D:1      | Reached XP level 1. HP: 19/19 MP: 1/1
    38 | D:1      | Reached XP level 2. HP: 5/26 MP: 2/2
   898 | D:2      | Reached XP level 3. HP: 28/33 MP: 3/3
  1036 | D:2      | Found a sacrificial altar of Ru.
  1149 | D:2      | Reached ** piety under Trog
  1386 | D:2      | Found a bloodstained altar of Trog.
  1488 | D:3      | Reached XP level 4. HP: 40/40 MP: 4/4
  1596 | D:3      | Reached skill level 4 in Fighting
  2190 | D:3      | Reached skill level 1 in Staves
  2327 | D:3      | Found a hazy altar of Hepliaklqana.
  2333 | D:3      | Found a blossoming altar of Fedhas.
  2375 | D:3      | Reached XP level 5. HP: 41/46 MP: 5/5
  2800 | D:4      | Found a hide-covered altar of Uskayaw.
  3039 | D:5      | Entered Level 5 of the Dungeon
  3055 | D:5      | Reached skill level 1 in Stealth
  3061 | D:5      | Reached XP level 6. HP: 40/55 MP: 6/6
  3165 | D:5      | Noticed Blork the orc
  3184 | D:5      | Killed Blork the orc
  3197 | D:5      | Reached skill level 5 in Fighting
  3477 | D:5      | Found a staircase to the Ecumenical Temple.
  3627 | D:5      | Got a translucent mace
  3632 | D:5      | Found a runed translucent door.
  3633 | D:5      | Noticed Crazy Yiuf
  3904 | D:5      | HP: 2/56 [poisoned by Crazy Yiuf]
  3904 | D:5      | Slain by Crazy Yiuf

Skill      XL: |  1  2  3  4  5  6 |
---------------+-------------------+-----
Dodging        | 3 4 |  4.4
Fighting       | 4 5 |  5.2
Polearms       | 4 |  4.9
Staves         | 1 |  1.0
Stealth        | 1 |  1.3
Throwing       | |  0.5

Action                   |  1- 3 |  4- 6 || total
-------------------------+-------+-------++-------
Melee: Spear             |   199 |   181 ||   380
       Tailslap          |    23 |    29 ||    52
       Quarterstaff      |       |    29 ||    29
Throw: Stone             |    27 |    17 ||    44
       Javelin           |       |     1 ||     1
  Use: Potion            |       |     1 ||     1
 Stab: Distracted        |     1 |       ||     1
  Eat: Chunk             |     2 |       ||     2
       Ration            |       |     4 ||     4
Armor: Skin              |    46 |    38 ||    84
Dodge: Dodged            |   127 |   105 ||   232
